 Dungeon Crawl Stone Soup version 0.30-a0-622-gddc90eaa04 (webtiles) character file.

Game seed: 2971296254208990781

1477 bmack86 the Trooper (level 8, -1/74 HPs)
             Began as a Minotaur Fighter on Jan 11, 2023.
             Was a Believer of Okawaru.
             Slain by an orc warrior
             ... wielding a +0 dire flail
              (9 damage)
             ... on level 7 of the Dungeon.
             The game lasted 00:14:09 (5280 turns).

bmack86 the Trooper (Minotaur Fighter)              Turns: 5280, Time: 00:14:10

Health: -1/74      AC: 15    Str: 23    XL:     8   Next: 49%
Magic:  18/18      EV:  7    Int:  5    God:    Okawaru [**....]
Gold:   361        SH:  5    Dex: 10    Spells: 7/7 levels left

rFire   . . .      SeeInvis .    a - +0 war axe
rCold   . . .      Faith    .    c - +0 buckler
rNeg    . . .      Spirit   .    A - +0 chain mail
rPois   .          Reflect  .    (helmet restricted)
rElec   .          Harm     .    l - scarf {repulsion}
rCorr   .          Rampage  .    (no gloves)
Will    .....                    g - +0 pair of boots Stlth
                                 (no amulet)
HPRegen 0.32/turn                d - +4 ring of protection
MPRegen 0.16/turn                r - ring of magical power

@: repel missiles
A: horns 2, retaliatory headbutt
a: Renounce Religion, Heroism


You were on level 7 of the Dungeon.
You worshipped Okawaru.
Okawaru was pleased with you.
You visited 1 branch of the dungeon, and saw 7 of its levels.

You collected 361 gold pieces.

Inventory:

Hand Weapons
 a - a +0 war axe (weapon)
 o - a +2 hand axe of distortion
Missiles
 u - a throwing net
 B - 4 javelins (quivered)
Armour
 b - a +0 scale mail
 c - a +0 buckler (worn)
 g - a +0 pair of boots (worn)
 l - a scarf of repulsion (worn)
 w - a +0 cloak
 A - a +0 chain mail (worn)
Jewellery
 d - a +4 ring of protection (left hand)
 r - a ring of magical power (right hand)
Wands
 i - a wand of flame (19)
 v - a wand of polymorph (6)
 C - a wand of roots (10)
 D - a wand of light (12)
Scrolls
 f - a scroll of fog
 k - a scroll of teleportation
 n - a scroll of magic mapping
 s - 2 scrolls of noise
 x - a scroll of poison
 y - a scroll of vulnerability {unknown}
Potions
 e - 3 potions of curing
 h - a potion of flight {unknown}
 j - 2 potions of ambrosia
 m - 2 potions of resistance
 p - 4 potions of lignification
 q - a potion of heal wounds {unknown}
 t - a potion of invisibility {unknown}
 z - 2 potions of brilliance {unknown}
 E - 2 potions of might


   Skills:
 * Level 7.7 Fighting
 * Level 7.2 Axes
 + Level 2.1 Throwing
 + Level 5.8 Armour
 + Level 6.1 Shields
 + Level 2.7 Invocations


You had 7 spell levels left.
You didn't know any spells.
Your spell library contained the following spells:

 Spells                   Type           Power      Damage    Failure   Level
 Gell's Gravitas          Tloc           0%         N/A       100%        3
 Ignite Poison            Fire/Tmut/Pois 0%         N/A       100%        3
 Kindle Blastsparks       Fire/Tloc/Air  0%         2d10      100%        3
 Lesser Beckoning         Tloc           0%         N/A       100%        3
 Teleport Other           Tloc           0%         N/A       100%        3
 Freezing Cloud           Conj/Ice/Air   0%         6-21      100%        5


Dungeon Overview and Level Annotations

Branches:
Dungeon (7/15)             Temple (0/1) D:5

Altars:
Ashenzari
Hepliaklqana
Okawaru
Ru
Uskayaw
Vehumet
Wu Jian
Xom
Zin

Annotations:
D:3 4 runed translucent doors, Crazy Yiuf; Vylera's ghost, amateur DjAE


Innate Abilities, Weirdness & Mutations

You have a pair of horns on your head.
You reflexively headbutt those who attack you in melee.


Message History

The orc priest hits you but does no damage.
The orc priest miscasts a cantrip.
You barely miss the orc priest.
The orc priest is moderately wounded.
You hit the orc but do no damage. You hit something but do no damage.
Something hits you but does no damage.
You are lethally poisoned!
The orc hits you but does no damage. You block the orc priest's attack.
You hit the orc priest but do no damage.
The orc priest is moderately wounded.
You hit the orc but do no damage. You slash the orc warrior!
* * * LOW HITPOINT WARNING * * *
You feel very sick. The orc hits you but does no damage.
The orc priest hits you but does no damage.
The orc closely misses you.
You feel better. You block the orc's attack.
You slash the orc warrior!
The orc warrior is severely wounded.
You slash the orc priest!
You kill the orc priest!
Okawaru accepts your kill.
You hit the orc but do no damage. The orc hits you but does no damage.
You block the orc warrior's attack.
You hit the orc warrior.
The orc warrior is severely wounded.
You hit the orc. You barely miss the orc priest.
An orc wizard appears from thin air!
Reactivating autopickup.
The orc priest calls down the wrath of Beogh upon you.
Pain shoots through your body!
* * * LOW HITPOINT WARNING * * *
The orc wizard gestures wildly while chanting.
The orc wizard flickers and vanishes!
Deactivating autopickup; reactivate with Ctrl-A.
The orc barely misses you. You furiously retaliate!
You headbutt the orc!
You kill the orc!
Okawaru accepts your kill.
The orc warrior hits you with a +0 dire flail!
You die...

.#########################
.o..'.........†..........)
#.........##.#...#..##
##.......###.##.....#
##.o.o.## #.###.#.##
##oo)## #.......# ##@##
#####.### #.# #.#
#........ #.# #..######
#.# ...# #.# .... #.#
#...#. ..# #..... ###
#.#.# #


You could see an orc warrior, an orc priest and 2 orcs.

Vanquished Creatures
  2 sky beasts (D:7)
  An ogre (D:3)
  A centaur (D:7)
  A phantom (D:5)
  Blork the orc (D:4)
  A bullfrog (D:6)
  A scorpion (D:5)
  3 killer bees (D:7)
  2 howler monkeys (D:7)
  4 hounds
  2 jellies
  3 orc priests (D:7)
  2 gnoll boudas (D:5)
  An iguana (D:5)
  An orc wizard (D:3)
  9 gnolls
  9 adders
  2 white imps (D:7)
  An ufetubus (D:5)
  2 worms
  2 dart slugs
  15 orcs
  3 ball pythons
  10 endoplasms
  4 giant cockroaches
  11 goblins
  5 hobgoblins
  5 jackals (D:2)
  2 quokkas
  7 bats
  3 frilled lizards
  4 kobolds
  2 rats (D:2)
122 creatures vanquished.

Vanquished Creatures (others)
  19 plants
19 creatures vanquished.

Grand Total: 141 creatures vanquished

Notes
Turn   | Place    | Note
-------+----------+-------------------------------------------
     0 | D:1      | bmack86 the Minotaur Fighter began the quest for the Orb.
     0 | D:1      | Reached XP level 1. HP: 19/19 MP: 0/0
   186 | D:1      | Reached XP level 2. HP: 27/27 MP: 1/1
   651 | D:2      | Reached XP level 3. HP: 17/33 MP: 2/2
  1228 | D:2      | Found a radiant altar of Vehumet.
  1464 | D:3      | Reached XP level 4. HP: 41/41 MP: 3/3
  1515 | D:3      | Found a runed translucent gate.
  1516 | D:3      | Found a runed translucent gate.
  1516 | D:3      | Noticed Vylera's ghost (amateur DjAE)
  1516 | D:3      | Noticed a kobold brigand
  1517 | D:3      | Found a runed translucent gate.
  1567 | D:3      | Noticed an ogre
  1572 | D:3      | Killed an ogre
  1573 | D:3      | Reached skill level 5 in Fighting
  1573 | D:3      | Reached XP level 5. HP: 48/48 MP: 4/4
  1573 | D:3      | Found a radiant altar of Vehumet.
  1682 | D:3      | Found a hazy altar of Hepliaklqana.
  1682 | D:3      | Found a broken altar of Ashenzari.
  1803 | D:3      | Found a runed translucent door.
  1804 | D:3      | Noticed Crazy Yiuf
  1946 | D:3      | Found a sacrificial altar of Ru.
  2316 | D:4      | Found a shimmering altar of Xom.
  2446 | D:4      | Found an iron altar of Okawaru.
  2450 | D:4      | Became a worshipper of Warmaster Okawaru
  2456 | D:4      | Reached XP level 6. HP: 56/56 MP: 5/5
  2777 | D:4      | Noticed Blork the orc
  2784 | D:4      | Killed Blork the orc
  2785 | D:4      | Reached skill level 5 in Axes
  2877 | D:4      | Reached skill level 5 in Shields
  3132 | D:5      | Entered Level 5 of the Dungeon
  3200 | D:5      | Reached skill level 1 in Invocations
  3211 | D:5      | Reached XP level 7. HP: 35/63 MP: 6/6
  3219 | D:5      | Reached skill level 5 in Armour
  3407 | D:5      | Found a glowing silver altar of Zin.
  3598 | D:5      | Found a staircase to the Ecumenical Temple.
  3640 | D:5      | Reached * piety under Okawaru
  3963 | D:5      | Found a hide-covered altar of Uskayaw.
  4777 | D:7      | Reached skill level 1 in Throwing
  4843 | D:7      | Reached XP level 8. HP: 67/73 MP: 8/8
  4869 | D:7      | Found an ornate altar of the Wu Jian Council.
  5150 | D:7      | Reached ** piety under Okawaru
  5273 | D:7      | HP: 3/74 [orc priest/+0 short sword (1)]
  5280 | D:7      | Slain by an orc warrior

Illustrated notes

Levels and vault maps discovered:
D:1:      arrival_zaba_pyramid, layout_basic
D:2:      layout_loops_ring, basic_altar, minmay_pentomino_u4
D:3:      layout_loops_cross, lemuel_crystal_altar,
          mainiacjoe_overflow_concentric_impassable, grunt_temple_overflow_open,
          gammafunk_ghost_nasty_kobolds, uniq_crazy_yiuf_cottage
D:4:      layout_basic, kennysheep_mini_moat, mainiacjoe_overflow_chevrons,
          uniq_blork_the_orc
D:5:      layout_loops_ring, kennysheep_little_box, zin_treasury,
          minmay_temple_entry_hall, st_stairs_10, minmay_misc_feat_encased,
          nicolae_grassy_gnolls
D:6:      layout_loops_cross, nicolae_underground_beach
D:7:      wad_lake_hut, layout_loops_corners, mainiacjoe_overflow_cross_hatched

Skill      XL: |  1  2  3  4  5  6  7  8 |
---------------+-------------------------+-----
Fighting       | 4 5 6 7 |  7.7
Axes           | 3 4 5 6 7 |  7.2
Shields        | 4 5 6 |  6.1
Armour         | 4 5 |  5.8
Invocations    | 1 2 |  2.7
Throwing       | 1 2 |  2.1

Action                   |  1- 3 |  4- 6 |  7- 9 || total
-------------------------+-------+-------+-------++-------
Melee: War axe           |   102 |    91 |   122 ||   315
       Headbutt          |     7 |    17 |    22 ||    46
Throw: Javelin           |       |       |     3 ||     3
  Use: Scroll            |     2 |     5 |     5 ||    12
       Potion            |       |     1 |     3 ||     4
Armor: Scale mail        |    62 |    54 |    23 ||   139
       Chain mail        |       |       |   102 ||   102
Dodge: Dodged            |    57 |    59 |    67 ||   183
       Repelled          |       |     2 |     2 ||     4
Block: Buckler           |    28 |    29 |    46 ||   103

Table legend: (Time is in decaauts)
 A = Elapsed time spent in this place.
 B = Non-inter-level travel time spent in this place.
 C = Inter-level travel time spent in this place.
 D = Time resting spent in this place.
 E = Time spent auto-exploring this place.
 F = Levels seen in this place.
 G = Mean time per level.
                   A        B        C        D        E       F      G
               +--------+--------+--------+--------+--------+-----+--------+
         Total |   5374 |   5148 |    226 |    105 |   3515 |   7 |  767.7 |
       Dungeon |   5374 |   5148 |    226 |    105 |   3515 |   7 |  767.7 |
               +--------+--------+--------+--------+--------+-----+--------+

Top non-repeatable levels by time:
     D:4: 932 daAuts
     D:2: 907 daAuts
     D:5: 864 daAuts
     D:3: 783 daAuts
     D:6: 741 daAuts
     D:1: 589 daAuts
     D:7: 554 daAuts
